 Dungeon Crawl Stone Soup version 0.31.0-9-g3a7656b989 (webtiles) character file.

Game seed: 16736083151427494569

42 Peloso the Trooper (level 3, 33/33 HPs)
             Began as a Minotaur Fighter on Jan 27, 2024.
             Got out of the dungeon alive.
             The game lasted 00:02:00 (1644 turns).

Peloso the Trooper (Minotaur Fighter)               Turns: 1644, Time: 00:02:00

Health: 33/33      AC:  8    Str: 20    XL:     3   Next: 35%
Magic:  2/2        EV:  9    Int:  5    God:
Gold:   113        SH:  4    Dex: 11    Spells: 2/2 levels left

rFire   . . .        a - +0 long sword
rCold   . . .        d - +0 buckler
rNeg    . . .        b - +0 scale mail
rPois   .            (helmet restricted)
rElec   .            (no cloak)
rCorr   .            c - +0 pair of gloves
SInv    .            (no boots)
Will    .....        (no amulet) Stlth
                     (no ring)
HPRegen 0.25/turn    (no ring)
MPRegen 0.08/turn

%: no passive effects
@: no status effects
A: horns 2, retaliatory headbutt, wild magic 1, no potion heal 1
a: no special abilities


You escaped.
You visited 1 branch of the dungeon, and saw 2 of its levels.

You collected 113 gold pieces.

Inventory:

Hand Weapons
 a - a +0 long sword (weapon)
Armour
 b - a +0 scale mail (worn)
 c - a +0 pair of gloves (worn)
 d - a +0 buckler (worn)
Scrolls
 e - a scroll of fear {unknown}
 f - a scroll of amnesia {unknown}
 h - 4 scrolls of identify {unknown}
 i - a scroll of vulnerability {unknown}
Potions
 j - a potion of resistance {unknown}
 k - a potion of brilliance {unknown}
 l - a potion of might


   Skills:
 + Level 4.2 Fighting
 + Level 3.1 Long Blades
 + Level 4.0 Armour
 + Level 0.5 Dodging
 + Level 4.1 Shields


You had 2 spell levels left.
You didn't know any spells.
Your spell library contained the following spells:

 Spells                   Type           Power      Damage    Failure   Level
 Kiss of Death            Conj/Necr      0%         2d5       92%         1
 Blink                    Tloc           0%         N/A       97%         2
 Lesser Beckoning         Tloc           0%         N/A       97%         2
 Momentum Strike          Conj/Tloc      0%         3d8       97%         2
 Confusing Touch          Hex            0%         N/A       100%        3
 Dispel Undead            Necr           0%         3d6       100%        4


Dungeon Overview and Level Annotations

Branches:
Dungeon (2/15)

Altars:
Qazlal


Innate Abilities, Weirdness & Mutations

You have a pair of horns on your head.
You reflexively headbutt those who attack you in melee.
Your spells are a little harder to cast, but a little more powerful.
Potions are less effective at restoring your health.


Message History

You barely miss the hobgoblin. The hobgoblin barely misses you.
You furiously retaliate!
You headbutt the hobgoblin!
You kill the hobgoblin!
You see here a hobgoblin corpse.
k - an orange potion You see here a hobgoblin corpse.
There is an open door here.
You see here a +0 short sword.
There is an open door here.
Found a pair of gloves.
Done exploring.
Done exploring.
Done exploring.
Done exploring.
You drop a potion of might.
You start removing your armour.
You continue taking off your +0 buckler. x4
You finish taking off your +0 buckler.
You drop a +0 buckler.
You see here a +0 pair of gloves.
c - a +0 pair of gloves You see here a +0 buckler.
d - a +0 buckler You see here a potion of might.
l - a potion of might You start putting on your armour.
You continue putting on your +0 pair of gloves. x4
You finish putting on your +0 pair of gloves.
You start putting on your armour.
You continue putting on your +0 buckler. x4
You finish putting on your +0 buckler.
It was a potion of mutation.
You feel extremely strange.
Your system partially rejects the healing effects of potions.
You feel less in control of your magic.
What level of the Dungeon? (default 1, ? - help)
You see here 4 stones.
There is an open door here.
There is a staircase leading out of the dungeon here.
Unknown command.
There is a staircase leading out of the dungeon here.
You have escaped!

#.##########.#...........
#..........#.####.#######
#..≈≈≈≈..8.#.............
#..........######.######.
#####.###### #....# #.
####'##### ####.# #.
#........# #.# #.
#........# #.# #.
#......@.# #.# #.
#........# #.# ##
#........# #.# ##########
#.# #.# #.#### #.....
#.#### ###


There were no monsters in sight!

Vanquished Creatures
  2 dart slugs (D:1)
  3 endoplasms
  2 giant cockroaches
  3 goblins
  4 hobgoblins
  3 quokkas
  4 ball pythons
  5 bats
  3 frilled lizards (D:1)
  3 kobolds
  3 rats
35 creatures vanquished.

Notes
Turn   | Place    | Note
-------+----------+-------------------------------------------
     0 | D:1      | Peloso the Minotaur Fighter began the quest for the Orb.
     0 | D:1      | Reached XP level 1. HP: 19/19 MP: 0/0
   205 | D:1      | Reached XP level 2. HP: 24/27 MP: 1/1
   574 | D:1      | Found a faded altar of an unknown god.
   666 | D:1      | You fall into a shaft and drop 1 floor!
   969 | D:2      | Found a stormy altar of Qazlal.
  1058 | D:2      | Reached XP level 3. HP: 30/33 MP: 2/2
  1604 | D:1      | Gained mutation: Potions are less effective at restoring
                  | your health. [potion of mutation]
  1604 | D:1      | Gained mutation: Your spells are a little harder to cast,
                  | but a little more powerful. [potion of mutation]
  1644 | D:$      | Got out of the dungeon alive.

Illustrated notes

Levels and vault maps discovered:
D:1:      dpeg_arrival_rooms_c, layout_basic,
          shapermc_ecumenical_altar_mp_ritualfount
D:2:      layout_basic, basic_altar

Skill      XL: |  1  2  3 |
---------------+----------+-----
Fighting       | 4 |  4.2
Armour         | 4 |  4.0
Shields        | 4 |  4.1
Long Blades    | 3 |  3.1
Dodging        | |  0.5

Action                     || total
---------------------------++-------
  Melee: Long sword        ||    77
         Headbutt          ||     9
    Use: Potion            ||     2
 Armour: Scale mail        ||    60
  Dodge: Dodged            ||    35
  Block: Buckler           ||    21
